 Dungeon Crawl Stone Soup version 0.26-a0-712-ga5a9c9c9d0 (webtiles) character file.

Game seed: 13759097580227222754

576 Azzok the Chopper (level 7, 45/52 HPs)
             Began as a Demonspawn Berserker on Nov 5, 2020.
             Was a Priest of Trog.
             Quit the game on level 4 of the Dungeon.
             The game lasted 00:04:43 (4337 turns).

Azzok the Chopper (Demonspawn Berserker)            Turns: 4337, Time: 00:04:44

Health: 45/52      AC:  8    Str: 26    XL:     7   Next: 13%
Magic:  5/7        EV:  9    Int:  8    God:    Trog [***...]
Gold:   76         SH:  0    Dex: 14    Spells: 6/6 levels left

rFire    . . .     SeeInvis .   a - +0 hand axe
rCold    + . .     Faith    .   (no shield)
rNeg     . . .     Spirit   +   g - +0 chain mail
rPois    .         Reflect  .   (no helmet)
rElec    .         Harm     .   (no cloak)
rCorr    .         Rampage  .   (no gloves)
MR       .....                  (no boots)
Stlth    ..........             (no amulet)
HPRegen  0.17/turn              v - +6 ring of strength (curse)
MPRegen  0.20/turn              (no ring)

@: no status effects
A: talons 2, thin skeletal structure 1, cold resistance 1, magic shield, magic
regeneration
a: Berserk, Trog's Hand, Renounce Religion


You were on level 4 of the Dungeon.
You worshipped Trog.
Trog was most pleased with you.
You visited 1 branch of the dungeon, and saw 4 of its levels.

You collected 246 gold pieces.
You spent 170 gold pieces at shops.

Inventory:

Hand Weapons
 a - a +0 hand axe (weapon)
Armour
 g - a +0 chain mail (worn)
Jewellery
 d - an uncursed ring of protection from cold
 o - an uncursed ring of protection from cold
 v - a cursed +6 ring of strength (left hand)
Wands
 k - a wand of enslavement (8)
Scrolls
 e - a scroll of teleportation {unknown}
 f - 3 scrolls of enchant armour
 h - 2 scrolls of enchant weapon {unknown}
 j - a scroll of random uselessness {unknown}
 m - 2 scrolls of immolation {unknown}
 p - 3 scrolls of fog {unknown}
 q - 2 scrolls of remove curse {unknown}
 t - a scroll of blinking
Potions
 b - a potion of resistance
 i - 3 potions of lignification
 l - 7 potions of curing
 n - 2 potions of heal wounds
 r - a potion of ambrosia
 s - a potion of mutation {!q}
 u - a potion of magic


   Skills:
 - Level 3.0 Fighting
 + Level 7.5 Axes
 - Level 1.7 Armour
 - Level 1.7 Dodging


You had 6 spell levels left.
You didn't know any spells.
Your spell library was empty.

Dungeon Overview and Level Annotations

Branches:
Dungeon (4/15)
 Temple: D:4-7

Altars:
Elyvilon
Gozag
Qazlal

Shops:
D:4 *


Innate Abilities, Weirdness & Mutations

You have razor-sharp toenails.
You have a somewhat thin skeletal structure. (Dex +2, Stealth)
Your flesh is cold resistant. (rC+)
When hurt, damage is shared between your health and your magic reserves.
You regenerate magic rapidly.


Message History

An ogre comes into view. It is wielding a -2 giant spiked club.
The ogre shouts!
Found a whip, 22 stones and a scroll labeled MAOLIQ BOMYTHRO.
An ogre is nearby!
An ogre is nearby!
Found a stone staircase leading down.
The ogre hits you with a cursed -2 giant spiked club!
Found 28 gold pieces.
You slash the ogre! You claw the ogre!
The ogre is almost dead.
The ogre barely misses you.
You hit the ogre.
You kill the ogre!
Trog accepts your kill.
You have reached level 7!
Your demonic ancestry asserts itself...
You feel resistant to cold.
A leopard gecko comes into view.
A leopard gecko is nearby!
Are you sure you want to abandon this character and quit the game? (Confirm with "yes".)

··▒ ▒·▒
▒·▒▒▒▒·▒▒▒▒▒▒▒▒▒▒▒▒▒▒▒▒▒▒▒
▒························▒
·▒▒▒▒▒▒·▒▒▒▒▒▒▒▒▒▒▒▒▒▒▒▒▒·▒
········▒▒▒▒▒▒▒▒▒▒ ▒·▒
▒▒▒▒▒▒▒······)···▒ ▒·▒
···>········(···· ▒▒▒▒▒▒·▒
▒▒▒······@················
▒▒▒▒····)·····▒·▒▒▒▒▒▒·▒
▒··········▒ ▒··
▒··········▒ ▒··
▒·····?····▒ ▒▒·
▒··········▒ ▒▒
▒··········▒ ▒·$··$····l▒


You could see a leopard gecko (wandering).

Vanquished Creatures
  An ogre (D:4)
  A scorpion (D:4)
  A hound (D:4)
  2 orc priests
  An iguana (D:4)
  Jessica (D:2)
  Natasha (thrice) (D:2)
  Terence (D:2)
  3 gnolls (D:3)
  8 adders
  An ufetubus (D:4)
  An ooze (D:4)
  A worm (D:3)
  2 dart slugs
  3 leopard geckos (D:1)
  6 orcs
  A ball python (D:1)
  3 giant cockroaches
  8 goblins
  7 hobgoblins
  3 jackals (D:1)
  A quokka (D:3)
  12 bats
  7 frilled lizards
  10 kobolds
  8 rats
96 creatures vanquished.

Notes
Turn   | Place    | Note
-------+----------+-------------------------------------------
     0 | D:1      | Azzok the Demonspawn Berserker began the quest for the Orb.
     0 | D:1      | Reached XP level 1. HP: 18/18 MP: 1/1
    57 | D:1      | Reached skill level 3 in Axes
    66 | D:1      | Gained mutation: When hurt, damage is shared between your
                  | health and your magic reserves. [demonic ancestry]
    66 | D:1      | Reached XP level 2. HP: 9/24 MP: 2/2
   527 | D:1      | Reached ** piety under Trog
   527 | D:1      | Gained mutation: You have a somewhat thin skeletal
                  | structure. (Dex +2, Stealth) [demonic ancestry]
   527 | D:1      | Reached XP level 3. HP: 15/29 MP: 1/3
   941 | D:1      | Reached skill level 4 in Axes
  1111 | D:2      | Noticed Natasha
  1125 | D:2      | Killed Natasha
  1125 | D:2      | Gained mutation: You have sharp toenails. [demonic
                  | ancestry]
  1125 | D:2      | Reached XP level 4. HP: 35/35 MP: 4/4
  1153 | D:2      | Noticed Natasha
  1159 | D:2      | Killed Natasha
  1315 | D:2      | Noticed Terence
  1324 | D:2      | Killed Terence
  1324 | D:2      | Reached skill level 5 in Axes
  1336 | D:2      | Noticed Natasha
  1343 | D:2      | Killed Natasha
  1343 | D:2      | Gained mutation: You regenerate magic rapidly. [demonic
                  | ancestry]
  1343 | D:2      | Reached XP level 5. HP: 6/41 MP: 0/5
  1640 | D:2      | Noticed Jessica
  1649 | D:2      | Killed Jessica
  2036 | D:2      | Reached *** piety under Trog
  2572 | D:3      | Reached skill level 6 in Axes
  2741 | D:3      | Found a white marble altar of Elyvilon.
  2746 | D:3      | Found a stormy altar of Qazlal.
  2773 | D:3      | Found a faded altar of an unknown god.
  2882 | D:3      | Gained mutation: You have razor-sharp toenails. [demonic
                  | ancestry]
  2882 | D:3      | Reached XP level 6. HP: 47/47 MP: 3/6
  3965 | D:4      | Found an opulent altar of Gozag.
  3995 | D:4      | Found Obruum's General Store.
  4008 | D:4      | Reached skill level 7 in Axes
  4237 | D:4      | Bought a scroll of blinking for 75 gold pieces
  4237 | D:4      | Bought a scroll of enchant armour for 75 gold pieces
  4237 | D:4      | Bought a scroll of identify for 20 gold pieces
  4334 | D:4      | Gained mutation: Your flesh is cold resistant. (rC+)
                  | [demonic ancestry]
  4334 | D:4      | Reached XP level 7. HP: 44/52 MP: 5/7
  4337 | D:4      | Quit the game

Illustrated notes

Levels and vault maps discovered:
D:1:      saegor_arrival_simple_b, layout_rooms
D:2:      kennysheep_six_static_rooms, layout_basic,
          chequers_serial_rivers_marsh, uniq_jessica, uniq_terence, uniq_natasha
D:3:      layout_loops_cross, nicolae_overflow_hidden_temple,
          chequers_ecumenical_altar_simple
D:4:      layout_basic, grunt_gozag_statues, temple_green, serial_shops, shop

Skill      XL: |  1  2  3  4  5  6 |
---------------+-------------------+-----
Axes           | 3 4 5 6 7 |  7.5
Fighting       | |  3.0
Armour         | |  1.7
Dodging        | |  1.7

Action                   |  1- 3 |  4- 6 |  7- 9 || total
-------------------------+-------+-------+-------++-------
Melee: Hand axe          |    91 |   135 |       ||   226
       Kick              |       |    41 |       ||    41
Invok: Berserk           |     2 |     4 |       ||     6
  Use: Scroll            |       |     7 |       ||     7
 Stab: Distracted        |     1 |       |       ||     1
Armor: Animal skin       |    27 |       |       ||    27
       Chain mail        |    18 |    72 |       ||    90
Dodge: Dodged            |    86 |    60 |       ||   146

Table legend: (Time is in decaauts)
 A = Elapsed time spent in this place.
 B = Non-inter-level travel time spent in this place.
 C = Inter-level travel time spent in this place.
 D = Time resting spent in this place.
 E = Time spent auto-exploring this place.
 F = Levels seen in this place.
 G = Mean time per level.
                   A        B        C        D        E       F      G
               +--------+--------+--------+--------+--------+-----+--------+
         Total |   4437 |   4345 |     92 |    962 |   2806 |   4 | 1109.2 |
       Dungeon |   4437 |   4345 |     92 |    962 |   2806 |   4 | 1109.2 |
               +--------+--------+--------+--------+--------+-----+--------+

Top non-repeatable levels by time:
     D:2: 1597 daAuts
     D:3: 1099 daAuts
     D:1: 1019 daAuts
     D:4: 720 daAuts
